 Dungeon Crawl Stone Soup version 0.29-a0-1042-g87b1fcd763 (webtiles) character file.

Game seed: 10223736186980161750

1882 NakanoYusui the Basher (level 9, -5/55 HPs)
             Began as a Gargoyle Berserker on Aug 15, 2022.
             Was a Follower of Trog.
             Slain by an orc
             ... wielding a +0 whip of distortion
              (6 damage)
             ... on level 7 of the Dungeon.
             The game lasted 00:55:14 (7091 turns).

NakanoYusui the Basher (Gargoyle Berserker)         Turns: 7091, Time: 00:55:15

Health: -5/55      AC: 22    Str: 32    XL:     9   Next: 14%
Magic:  9/9        EV:  8    Int: 12    God:    Trog [*.....]
Gold:   325        SH:  0    Dex:  9    Spells: 8/8 levels left

rFire   + . .      SeeInvis +   A - +0 mace "Luzapsia" {holy, rN+ Str+3}
rCold   . . .      Faith    .   (no shield)
rNeg    + + .      Spirit   .   f - +1 plate armour "Remeopti" {Str+4 Int+4 Stlth+}
rPois   ∞          Reflect  .   h - +1 helmet
rElec   +          Harm     .   (no cloak)
rCorr   .          Rampage  .   (no gloves)
Will    .....                   (no boots)
Stlth   ..........              (no amulet)
HPRegen 0.18/turn               c - ring of protection from fire
MPRegen 0.11/turn               B - ring of see invisible

@: about to teleport, on berserk cooldown
A: sickness immunity, AC +6, negative energy resistance 1, electricity
resistance, torment resistance 1, petrification resistance
a: Renounce Religion, Berserk


You were on level 7 of the Dungeon.
You worshipped Trog.
Trog was aware of your devotion.
You visited 2 branches of the dungeon, and saw 8 of its levels.

You collected 325 gold pieces.

Inventory:

Hand Weapons
 a - a +0 scythe of flaming {The end}
 b - a +0 flail
 k - a +0 dagger of electrocution
 r - a +0 shortbow
 A - the +0 mace "Luzapsia" (weapon) {holy, rN+ Str+3}
   (You found it on level 6 of the Dungeon)

   It has been blessed by the Shining One to cause great damage to the undead
   and demons.
   Str:       It affects your strength (+3).
   rN:        It protects you from negative energy.
Armour
 f - the +1 plate armour "Remeopti" (worn) {Str+4 Int+4 Stlth+}
   (You acquired it on level 2 of the Dungeon)

   Str:       It affects your strength (+4).
   Int:       It affects your intelligence (+4).
   Stlth:     It makes you more stealthy.
 g - a +0 helmet
 h - a +1 helmet (worn)
 p - a +2 chain mail of positive energy
Magical Staves
 w - a staff of air
Jewellery
 c - a ring of protection from fire (left hand)
 n - a ring of ice
 o - an amulet of faith
 q - an amulet of magic regeneration
 v - a +6 ring of dexterity
 B - a ring of see invisible (right hand)
Wands
 j - a wand of iceblast (4)
 D - a wand of flame (7)
 E - a wand of digging (5)
Scrolls
 d - a scroll of teleportation
 i - a scroll of butterflies
 s - a scroll of enchant weapon {unknown}
 t - 3 scrolls of identify
 x - a scroll of blinking {unknown}
 y - a scroll of poison {unknown}
 z - 3 scrolls of immolation {unknown}
 C - a scroll of noise {unknown}
Potions
 e - 2 potions of resistance
 l - 2 potions of brilliance {unknown}
 m - a potion of might {unknown}
 u - a potion of curing {unknown}


   Skills:
 + Level 6.0 Fighting
 + Level 8.9 Maces & Flails
 + Level 6.9 Armour
 + Level 2.3 Dodging
 + Level 1.1 Stealth


You had 8 spell levels left.
You didn't know any spells.
Your spell library contained the following spells:

 Spells                   Type           Power      Damage    Failure   Level
 Fulminant Prism          Conj/Hex       0%         3d6       100%        4
 Iskenderun's Mystic Bla  Conj/Tloc      0%         2d3       100%        4
 Lee's Rapid Deconstruct  Erth           0%         3d5*      100%        5


Dungeon Overview and Level Annotations

Branches:
Dungeon (7/15)             Temple (1/1) D:4

Altars:
Ashenzari
Elyvilon
Fedhas
Gozag
Hepliaklqana
Kikubaaqudgha
Nemelex Xobeh
Okawaru
Qazlal
Ru
Sif Muna
Trog
Uskayaw
Wu Jian
Yredelemnul
Zin
The Shining One

Shops:
D:4 *


Innate Abilities, Weirdness & Mutations

You are immune to sickness and miasma.
Your stone body is resilient. (AC +6)
You are immune to poison.
You resist negative energy. (rN+)
You are resistant to electric shocks. (rElec)
You are resistant to unholy torment.
You are immune to petrification.


Message History

The killer bee closely misses you. The killer bee barely misses you.
The killer bee stings you.
* * * LOW HITPOINT WARNING * * *
The killer bee barely misses you.
The killer bee stings you but does no damage.
Your surroundings suddenly seem different.
A sky beast, a vampire and an orc come into view.
The orc is wielding a +0 whip of distortion.
Found 33 gold pieces.
The orc shouts!
You sock the sky beast!
The sky beast is moderately wounded.
The sky beast barely misses you.
You barely miss the sky beast.
The sky beast is moderately wounded.
You feel yourself speed up. The orc closely misses you.
The sky beast flickers out of sight for a moment.
The sky beast closely misses you. The orc hits you but does no damage.
Space warps around you.
* * * LOW HITPOINT WARNING * * *
The sky beast hits you but does no damage.
Okay, then.
As you read the scroll of teleportation, it crumbles to dust.
You feel strangely unstable.
The orc hits you with a +0 whip of distortion.
* * * LOW HITPOINT WARNING * * *
You blink.
The sky beast barely misses you. The sky beast attacks as you move away!
The sky beast hits you but does no damage.
You see here 17 gold pieces.
As you read the scroll of teleportation, it crumbles to dust.
You feel strangely stable.
The sky beast hits you but does no damage.
As you read the scroll of teleportation, it crumbles to dust.
You feel strangely unstable.
The orc hits you with a +0 whip of distortion.
* * * LOW HITPOINT WARNING * * *
Space warps around you.
You die...

.######
.......####
....$.....#
......#...#
......
.......#..#
.....
..#######V#
.... #
....#..##
#...
...#..oY#
...
.......@#
###>.
#...###.#
#.... #...
..# #< ###
#### #. #.
#. #. #. ..


You could see a vampire, a sky beast (invisible) and an orc.

Vanquished Creatures
  Grinder (D:3)
  Menkaure (D:6)
  An orc warrior (D:6)
  A black bear (D:6)
  A centaur (D:4)
  An ogre (D:5)
  2 phantoms
  A bullfrog (D:6)
  A necrophage (D:5)
  6 scorpions
  2 killer bees (D:7)
  A hound (D:6)
  An orc priest (D:3)
  Ijyb (D:3)
  3 orc wizards
  Robin (D:3)
  7 adders
  2 gnolls (D:7)
  A shadow imp (D:6)
  An ufetubus (D:5)
  3 worms
  14 orcs
  4 ball pythons
  8 bats
  4 endoplasms
  10 goblins
  3 hobgoblins
  6 jackals (D:1)
  2 quokkas
  4 frilled lizards (D:3)
  3 kobolds
  3 rats
100 creatures vanquished.

Vanquished Creatures (collateral kills)
  Sigmund (D:3)
  A hobgoblin (D:3)
2 creatures vanquished.

Vanquished Creatures (others)
  An orc wizard (D:6)
1 creature vanquished.

Grand Total: 103 creatures vanquished

Notes
Turn   | Place    | Note
-------+----------+-------------------------------------------
     0 | D:1      | NakanoYusui the Gargoyle Berserker began the quest for the
                  | Orb.
     0 | D:1      | Reached XP level 1. HP: 14/14 MP: 1/1
   781 | D:1      | Reached XP level 2. HP: 19/19 MP: 2/2
   957 | D:1      | Found a faded altar of an unknown god.
  1374 | D:2      | Reached XP level 3. HP: 13/24 MP: 3/3
  1539 | D:2      | Identified a scroll of acquirement
  1539 | D:2      | Acquired the +1 plate armour "Remeopti" {Str+4 Int+4
                  | Stlth+}
  2299 | D:3      | Noticed Grinder
  2343 | D:3      | Noticed Sigmund
  2362 | D:2      | Reached XP level 4. HP: 20/29 MP: 4/4
  2865 | D:3      | Killed Sigmund
  2866 | D:3      | Reached skill level 4 in Maces & Flails
  2866 | D:3      | Reached skill level 1 in Stealth
  2866 | D:3      | Reached XP level 5. HP: 11/33 MP: 5/5
  3069 | D:3      | Paralysed by Grinder for 2 turns
  3083 | D:3      | Killed Grinder
  3084 | D:3      | Reached skill level 5 in Maces & Flails
  3084 | D:3      | Reached XP level 6. HP: 21/39 MP: 6/6
  3479 | D:3      | Reached XP level 7. HP: 44/44 MP: 7/7
  3486 | D:3      | Reached skill level 6 in Maces & Flails
  3710 | D:3      | Noticed Robin
  3722 | D:3      | Killed Robin
  3922 | D:3      | Noticed Ijyb
  3942 | D:3      | Killed Ijyb
  4025 | D:3      | Reached ** piety under Trog
  4283 | D:4      | Found Noufi's Fire Supplies.
  4353 | D:4      | Found a staircase to the Ecumenical Temple.
  4886 | Temple   | Entered the Ecumenical Temple
  5159 | D:5      | Entered Level 5 of the Dungeon
  5192 | D:5      | Found a sacrificial altar of Ru.
  5292 | D:5      | Reached skill level 5 in Fighting
  5292 | D:5      | Reached skill level 7 in Maces & Flails
  5292 | D:5      | Reached skill level 5 in Armour
  5292 | D:5      | Reached XP level 8. HP: 47/49 MP: 8/8
  5326 | D:5      | Found a blossoming altar of Fedhas.
  5947 | D:5      | Found an ornate altar of the Wu Jian Council.
  6100 | D:6      | Noticed Menkaure
  6177 | D:6      | Reached skill level 8 in Maces & Flails
  6185 | D:6      | Killed Menkaure
  6464 | D:6      | Reached XP level 9. HP: 55/55 MP: 9/9
  6505 | D:6      | Identified the +0 mace "Luzapsia" {holy, rN+ Str+3}
  6678 | D:6      | Found a shimmering blue altar of Sif Muna.
  7086 | D:7      | HP: 1/55 [orc/+0 whip of distortion (4)]
  7091 | D:7      | HP: 1/55 [orc/+0 whip of distortion (1)]
  7091 | D:7      | Slain by an orc

Illustrated notes

Levels and vault maps discovered:
D:1:      noname_arrival_rooms_in_the_neighbourhood, layout_loops_corners,
          hellmonk_ecumenical_altar_dog_temple
D:2:      layout_loops_ring
D:3:      layout_basic, uniq_ijyb, uniq_robin, uniq_grinder, uniq_sigmund
D:4:      layout_loops_ring, minmay_temple_entry_tees, nicolae_shop_fire_sale
          [nicolae_sub_dead_trees], kennysheep_small_circle
D:5:      layout_loops_ring, mainiacjoe_overflow_paths, general_overflow_altar,
          nzn_wu_jian_contemplation, grunt_decor_junction
D:6:      layout_cave_pools, tgw_sif, kennysheep_path_1,
          kennysheep_generic_room_12, uniq_menkaure
D:7:      minmay_the_grid_triangle_9x9_recursive_2
          [minmay_the_grid_triangle_9x9_prize_schism,
          minmay_the_grid_triangle_9x9_fully_insulated_deathbox,
          minmay_the_grid_triangle_9x9_zippers_horizontal,
          minmay_the_grid_triangle_9x9_warning], layout_rooms,
          mainiacjoe_overflow_concentric_impassable, serial_shops,
          nicolae_shop_advertising_works [nicolae_subvault_shop_adworks],
          kennysheep_generic_room_15
Temple:   nicolae_temple_ecumenical_triangle

Skill      XL: |  1  2  3  4  5  6  7  8  9 |
---------------+----------------------------+-----
Fighting       | 4 5 6 |  6.0
Maces & Flails | 4 5 7 8 |  8.9
Armour         | 3 4 5 6 |  6.9
Dodging        | 2 |  2.3
Stealth        | 1 |  1.1

Action                   |  1- 3 |  4- 6 |  7- 9 || total
-------------------------+-------+-------+-------++-------
Melee: Mace              |    70 |       |    50 ||   120
       Flail             |    12 |    69 |   229 ||   310
       Punch             |       |       |     3 ||     3
Invok: Berserk           |     1 |     4 |    10 ||    15
  Use: Potion            |     4 |       |       ||     4
       Scroll            |     6 |     2 |     6 ||    14
Armor: Animal skin       |     6 |       |       ||     6
       Leather armour    |    11 |       |       ||    11
       Plate armour      |    33 |    60 |   259 ||   352
Dodge: Dodged            |    50 |    14 |   129 ||   193

Table legend: (Time is in decaauts)
 A = Elapsed time spent in this place.
 B = Non-inter-level travel time spent in this place.
 C = Inter-level travel time spent in this place.
 D = Time resting spent in this place.
 E = Time spent auto-exploring this place.
 F = Levels seen in this place.
 G = Mean time per level.
                   A        B        C        D        E       F      G
               +--------+--------+--------+--------+--------+-----+--------+
         Total |   7252 |   6815 |    437 |    644 |   4794 |   8 |  906.5 |
       Dungeon |   7195 |   6765 |    430 |    644 |   4788 |   7 | 1027.9 |
        Temple |     56 |     49 |      7 |      0 |      6 |   1 |   56.0 |
               +--------+--------+--------+--------+--------+-----+--------+

Top non-repeatable levels by time:
     D:2: 1606 daAuts
     D:3: 1427 daAuts
     D:1: 1304 daAuts
     D:5: 1015 daAuts
     D:4: 872 daAuts
     D:6: 848 daAuts
     D:7: 119 daAuts
  Temple: 56 daAuts
